 Dungeon Crawl Stone Soup version 0.13-a0-1536-gedae9ec (webtiles) character file.

160 Kae the Cudgeler (level 4, -4/33 (34) HPs)
             Began as a Demonspawn Chaos Knight on June 10, 2013.
             Was a Plaything of Xom.
             Slain by Sigmund
             ... wielding a +2,+3 scythe of slicing
              (12 damage)
             ... on Level 2 of the Dungeon.
             The game lasted 00:01:36 (1118 turns).

Kae the Cudgeler (Demonspawn Chaos Knight)          Turns: 1118, Time: 00:01:36

HP  -4/33 (34)   AC  8     Str 12      XL: 4   Next: 14%
MP   4/4         EV 11     Int 14      God: Xom
Gold 83          SH  0     Dex 13      Spells:  0 memorised,  3 levels left

Res.Fire  : . . .   See Invis. : .   a - +0 mace (chaos)
Res.Cold  : . . .   Warding    : .   b - +2 leather armour
Life Prot.: . . .   Conserve   : .   (no shield)
Res.Poison: .       Res.Corr.  : .   (no helmet)
Res.Elec. : .       Clarity    : .   (no cloak)
Sust.Abil.: . .     Spirit.Shd : .   (no gloves)
Res.Mut.  : .       Stasis     : .   k - +0 pair of boots
Res.Rott. : .       Flight     : .   (no amulet)
Saprovore : . . .                    (no ring)
                                     (no ring)

@: slightly resistant to hostile enchantments, very unstealthy
A: AC +2
a: Renounce Religion


You were on level 2 of the Dungeon.
You worshipped Xom.
You were a toy of Xom.
You were hungry.

You visited 1 branch of the dungeon, and saw 2 of its levels.

You collected 63 gold pieces.

Inventory:

Hand weapons
 a - a +0,+0 mace of chaos (weapon)
Armour
 b - a +2 leather armour (worn)
 k - a +0 pair of boots (worn)
Comestibles
 c - 2 bread rations
 f - a choko
Scrolls
 d - a scroll of teleportation {unknown}
 e - 7 scrolls of identify {unknown}
 g - 3 scrolls of remove curse {unknown}
 h - a scroll of magic mapping {unknown}
 j - a scroll of fear {unknown}
 m - a scroll of enchant weapon I {unknown}
 n - a scroll of enchant weapon II {unknown}
Jewellery
 l - an uncursed amulet of guardian spirit {unknown}
Potions
 i - 2 potions of resistance {unknown}


   Skills:
 + Level 3.4 Fighting
 * Level 3.5 Maces & Flails
 + Level 2.4 Armour
 + Level 1.6 Dodging


You had 3 spell levels left.
You didn't know any spells.

Dungeon Overview and Level Annotations

Branches:
Dungeon (2/27)

Altars:

Annotations
D:2 Sigmund


Innate Abilities, Weirdness & Mutations

You are partially covered in yellow scales (AC +2).


Message History

Unknown command.
You offer a prayer to Xom.
Xom slaps you with a cutthroat trout! It hits you.
You offer a prayer to Xom.
Xom slaps you with a rainbow trout!
There is a strange disturbance nearby!
You offer a prayer to Xom.
Xom toots happily.
There is a strange disturbance nearby!
It hits you but does no damage.
You closely miss it. It hits you.
You barely miss it. It hits you but does no damage.
You barely miss it. It hits you!
* * * LOW HITPOINT WARNING * * *
You hit it. You freeze it. It hits you.
* * * LOW HITPOINT WARNING * * *
You hit it. You burn it. You hit it. You freeze it. It hits you!
You die...

#.##..##.#
#.##..##.#
#..#..##.#
##.#..##.#
#.#..##.#
#.#..##.#
#...##.#
##.....#####
#..@{......#
#.#.##%###..#
#
#.#.[.>..#..#
#. #
####.#.#..#
#. #..?...#
###. ### ##.#
#... #. #.#
#... ...#
#.######...
#...
#.##.......


There were no monsters in sight!

Vanquished Creatures
  An inept item mimic (D:2)
  3 adders (D:2)
  2 worms (D:2)
  A giant cockroach (D:1)
  6 hobgoblins
  A ball python (D:2)
  6 bats
  A giant gecko (D:1)
  5 giant newts
  3 goblins (D:1)
  4 kobolds
  2 rats
35 creatures vanquished.

Vanquished Creatures (others)
  A worm (D:2)
1 creature vanquished.

Grand Total: 36 creatures vanquished

Notes
Turn   | Place    | Note
--------------------------------------------------------------
     0 | D:1      | Kae, the Demonspawn Chaos Knight, began the quest for the Orb.
     0 | D:1      | Reached XP level 1. HP: 16/16 MP: 1/1
    91 | D:1      | XOM: harmless Conj miscast
   167 | D:1      | Reached skill level 1 in Dodging
   240 | D:1      | Gained mutation: You are partially covered in yellow scales (AC +2). [demonic ancestry]
   240 | D:1      | Reached XP level 2. HP: 20/22 MP: 2/2
   443 | D:1      | XOM: silly message
   622 | D:1      | XOM: harmless Tloc miscast
   713 | D:1      | XOM: mild Necr miscast
   852 | D:2      | Reached XP level 3. HP: 20/27 MP: 3/3
  1054 | D:2      | Reached XP level 4. HP: 31/33 MP: 4/4
  1077 | D:2      | XOM: silly message
  1105 | D:2      | Noticed Sigmund
  1106 | D:2      | XOM: divination: detect creatures
  1118 | D:2      | Slain by Sigmund

Action                   |  1- 3 |  4- 6 || total
-------------------------+-------+-------++-------
Melee: Mace              |   102 |     9 ||   111
 Stab: Paralysed         |     1 |       ||     1
